 Dungeon Crawl Stone Soup version 0.30-a0-782-ge64f9170bb (webtiles) character file.

Game seed: 9226483395275426183

197470 Flugkiller the Acrobat (level 18, -29/158 HPs)
             Began as a Merfolk Berserker on Mar 12, 2023.
             Was the Champion of Trog.
             Annihilated by a naga warrior
             ... wielding a +0 glaive of protection
              (32 damage)
             ... on level 2 of the Snake Pit.
             The game lasted 00:41:37 (33799 turns).

Flugkiller the Acrobat (Merfolk Berserker)         Turns: 33799, Time: 00:41:38

Health: -29/158    AC: 20    Str: 19    XL:     18   Next: 41%
Magic:  13/18      EV: 32    Int: 15    God:    Trog [******]
Gold:   2343       SH:  5    Dex: 19    Spells: 17/17 levels left

rFire   + . .      SeeInvis .    W - +1 double sword (heavy)
rCold   . . .      Faith    .    (no shield)
rNeg    . . .      Spirit   .    C - +0 troll leather armour of Meir {rElec rPois Regen+ Int+4}
rPois   +          Reflect  +    N - +0 helmet
rElec   +          Harm     .    Q - +2 cloak {rF+}
rCorr   .          Rampage  .    u - +2 pair of gloves {infuse}
Will    +....      NoTele   +    P - +2 pair of boots
Stlth   +                        F - amulet of Kezuc {Reflect Int+4 SH+5}
HPRegen 1.26/turn                H - +4 ring of protection
MPRegen 0.16/turn                v - +5 ring of evasion

@: untranslocatable
A: (nimble swimmer 2), mertail
}: 1/15 runes: barnacled
a: Renounce Religion, Berserk, Trog's Hand, Brothers in Arms


You were on level 2 of the Snake Pit.
You worshipped Trog.
Trog was exalted by your worship.
You visited 5 branches of the dungeon, and saw 28 of its levels.
You also visited: Bailey, Ice Cave and Volcano.

You collected 3161 gold pieces.
You spent 818 gold pieces at shops.

Inventory:

Hand Weapons
 f - a +1 demon blade of venom
   (You acquired it on level 2 of the Orcish Mines)
 W - a +1 heavy double sword (weapon)
   (Trog gifted it to you on level 2 of the Snake Pit)
 Y - the +4 scimitar of Jedajeuq {flame, rElec rF- Int+8 Dex+5}
   (You found it in an ice cave)

   Int:       It affects your intelligence (+8).
   Dex:       It affects your dexterity (+5).
   rF:        It makes you vulnerable to fire.
   rElec:     It insulates you from electricity.
Missiles
 E - 2 curare-tipped darts (quivered)
Armour
 u - a +2 pair of gloves of infusion (worn)
   (You found it in an ice cave)
 C - the +0 troll leather armour of Meir (worn) {rElec rPois Regen+ Int+4}
   (You bought it in a shop on level 2 of the Orcish Mines)

   Int:       It affects your intelligence (+4).
   rElec:     It insulates you from electricity.
   rPois:     It protects you from poison.
   Regen:     It increases your rate of health regeneration.
 N - a +0 helmet (worn)
   (You found it on level 1 of the Dungeon)
 P - a +2 pair of boots (worn)
   (You found it on level 10 of the Dungeon)
 Q - a +2 cloak of fire resistance (worn)
   (You found it in a volcano)
Jewellery
 i - a ring of see invisible
   (You found it on level 2 of the Dungeon)
 o - a ring of poison resistance
   (You found it on level 13 of the Dungeon)
 p - a ring of protection from fire
   (You took it off a centaur on level 7 of the Dungeon)
 v - a +5 ring of evasion (right hand)
   (You found it on level 9 of the Dungeon)
 F - the amulet of Kezuc (around neck) {Reflect Int+4 SH+5}
   (You found it on level 4 of the Shoals)

   [amulet of reflection]

   It reflects blocked missile attacks.
   Int:       It affects your intelligence (+4).
   SH:        It affects your SH (+5).
 H - a +4 ring of protection (left hand)
   (You found it on level 8 of the Dungeon)
Wands
 b - a wand of quicksilver (20)
   (You took it off Ijyb on level 5 of the Dungeon)
 l - a wand of mindburst (9)
   (You found it on level 11 of the Dungeon)
 y - a wand of flame (41)
   (You found it on level 6 of the Dungeon)
 O - a wand of digging (4)
   (You found it on level 14 of the Dungeon)
 R - a wand of roots (2)
   (You found it on level 11 of the Dungeon)
 U - a wand of charming (13)
   (You found it on level 4 of the Lair of Beasts)
Scrolls
 a - 5 scrolls of enchant weapon
 c - 7 scrolls of magic mapping
 j - 7 scrolls of fog
 k - 3 scrolls of enchant armour
 m - 2 scrolls of vulnerability
 r - 12 scrolls of identify
 t - 13 scrolls of teleportation
 z - 6 scrolls of blinking
 G - 5 scrolls of poison
 J - 2 scrolls of butterflies
 L - a scroll of brand weapon
 T - 8 scrolls of immolation
 V - a scroll of acquirement
Potions
 d - 5 potions of might
 e - 7 potions of mutation
 g - 5 potions of berserk rage
 h - 8 potions of haste
 n - 2 potions of resistance
 q - 20 potions of curing
 s - 2 potions of cancellation
 x - a potion of invisibility
 A - 4 potions of attraction
 B - 6 potions of lignification
 K - 2 potions of flight
 M - a potion of ambrosia
 S - a potion of magic
Miscellaneous
 I - a tin of tremorstones (inert)
   (You found it on level 5 of the Lair of Beasts)
 X - a condenser vane (inert)
   (You found it in an ice cave)
 Z - a box of beasts
   (You found it on level 3 of the Shoals)


   Skills:
 * Level 18.5 Fighting
 - Level 16.0 Long Blades
 + Level 7.7 Armour
 * Level 21.5 Dodging
 * Level 16.4 Evocations


You had 17 spell levels left.
You didn't know any spells.
Your spell library was empty.

Dungeon Overview and Level Annotations

Branches:
Dungeon (15/15) Zot: 25268  Temple (0/1) D:4            Lair (5/5) D:11 Zot: 23733
 Shoals (4/4) Lair:3 Zot: 20900   Snake (2/4) Lair:2 Zot: 9687   Slime (0/5) Lair:5
    Orc (2/2) D:12 Zot: 10208     Elf (0/3) Orc:2        Vaults (0/5) D:13
 Depths (0/4) D:15         Bailey (visited)           IceCv (visited)
Volcano (visited)

Altars:
Ashenzari
Cheibriados
Elyvilon
Kikubaaqudgha
Makhleb
Okawaru
Ru
Yredelemnul
Zin

Shops:
D:5 (   D:7 ?   D:9 !   Orc:1 (   Orc:2 [[([   Shoals:2 **   Snake:1 :(

Portals:
Trove: D:10 (give 2 scrolls of acquirement)

Annotations:
D:14 2 transporters, Iseguhol's ghost, journeyman GrEE
Lair:2 1 runed translucent door
Shoals:1 6 transporters


Innate Abilities, Weirdness & Mutations

((You are very nimble when in or above water. (Stealth+, EV+, Speed+++)))
Your lower body shifts to a powerful aquatic tail in water.


Message History

The nagaraja no longer looks unusually strong.
The guardian serpent completely misses you.
The nagaraja spits poison at you.
The splash of poison hits you but does no damage.
You resist. The naga warrior completely misses you.
The naga warrior misses you. You block the nagaraja's attack. x2
The naga warrior roars a battlecry!
The nagaraja goes into a battle-frenzy!
You feel sick.
The guardian serpent coils itself and waves its upper body at you.
The bolt of poison misses you.
The nagaraja gestures at you while chanting.
You feel more firmly anchored in space.
The naga warrior hits you with a +0 trident!!
* * * LOW HITPOINT WARNING * * *
The naga warrior grabs you. The naga warrior constricts you.
The naga warrior completely misses you.
You see here a +0 club.
You escape the naga warrior's grasp.
The guardian serpent attacks as you move away!
The guardian serpent misses you.
You feel sick. The nagaraja casts a spell at you.
The bolt of poison hits the guardian serpent.
The bolt of poison hits you! You resist.
* * * LOW HITPOINT WARNING * * *
You block the naga warrior's attack.
The naga warrior completely misses you. x2
Unknown command.
Unknown command.
Okay, then.
You feel much better.
You feel sick.
The nagaraja points at you and mumbles some strange words.
The bolt of poison misses the guardian serpent.
The bolt of poison misses you. The naga warrior spits poison at you.
The splash of poison misses you.
You feel much better.
You feel sick.
The naga warrior no longer looks unusually strong. x2
Clouds of thunder condense around you!
The condenser dries out!
You feel sick.
The guardian serpent casts a spell at you.
The nagaraja blinks!
The naga warrior blinks!
The nagaraja blinks!
The guardian serpent is struck by lightning.
You feel much better.
You feel sick.
The nagaraja is struck by lightning.
The nagaraja hits you with a +0 whip!! The nagaraja misses you.
The nagaraja is struck by lightning.
The nagaraja completely misses you. The nagaraja grabs you.
The nagaraja constricts you.
* * * LOW HITPOINT WARNING * * *
The guardian serpent is struck by lightning.
The guardian serpent completely misses you.
The naga warrior misses you. The naga warrior completely misses you.
You feel much better.
You feel sick. The guardian serpent misses you.
The nagaraja casts a spell.
The nagaraja seems to speed up.
The nagaraja spits poison at you. The splash of poison misses you.
The splash of poison hits the nagaraja.
The nagaraja constricts you.
The naga warrior hits you with a +0 trident.
The naga warrior spits poison at you. The splash of poison misses you.
The guardian serpent coils itself and waves its upper body at you.
The naga mage blinks into view!
You slice the guardian serpent!!
You kill the guardian serpent!
Trog accepts your kill.
Trog appreciates your killing of a magic user.
You feel sick.
You are no longer poisoned.
The nagaraja no longer looks unusually strong.
The nagaraja gestures at you while chanting.
The poison arrow misses you.
The poison arrow hits the nagaraja!!
The nagaraja partially resists.
The nagaraja is poisoned.
The nagaraja is struck by lightning.
The nagaraja hits you with a +0 halberd.
The nagaraja constricts you. The naga warrior barely misses you.
The naga mage misses you.
The nagaraja gestures at you while chanting.
You barely resist. The naga warrior completely misses you.
You barely miss the nagaraja.
The nagaraja is severely wounded.
The nagaraja is struck by lightning.
The nagaraja spits poison at you. The splash of poison misses you.
The splash of poison hits the nagaraja.
You block the nagaraja's attack. The nagaraja constricts you.
The naga warrior roars a battlecry!
The nagas go into a battle-frenzy!
The naga mage misses you. You block the naga warrior's attack.
You slice the nagaraja!!
You kill the nagaraja!
Trog accepts your kill.
Trog appreciates your killing of a magic user.
The nagaraja is struck by lightning.
The nagaraja hits you with a +0 whip!!
* * * LOW HITPOINT WARNING * * *
The nagaraja misses you. The naga warrior spits poison at you.
The splash of poison hits you but does no damage.
You resist. The nagaraja hits you with a +0 whip!!
* * * LOW HITPOINT WARNING * * *
The nagaraja completely misses you.
The naga mage is struck by lightning.
The naga mage completely misses you. x2
The naga warrior hits you with a +0 glaive of protection!!
You die...

##.....##.....##!...#.###
#).)..#......##....#....
#.....#..###.##)####....
##.....#=.....##.# ##.##.
#####.......§§§..)##.###).##.
##..)......§§§§§...##.##......
#..........§§§§###)#..........
#..........§§§§##.............
#............@N#....)##...####
##....##.:..NNN§...))#..### #
####..########.....###.#.<## #
......##.........### #...## #
...#.#...###...### #..##
.........###...# #.##
####.#.........# #.#
###..###.....### #.#
#..####.#...# ###


You could see a nagaraja (fast, strong), 2 naga warriors and a naga mage
(strong).

Vanquished Creatures
  A shard shrike (IceCv)
  Vashnia (Snake:2)
  4 nagarajas (Snake:2)
  2 frost giants (Shoals:3)
  A white draconian (IceCv)
  A minotaur (Lair:4)
  4 merfolk impalers
  2 merfolk javelineers
  Josephine (D:15)
  An ettin (Orc:2)
  4 catoblepae
  3 anacondas
  2 salamander tyrants (Snake:2)
  2 merfolk avatars
  6 centaur warriors
  2 ogre magi (Orc:1)
  4 ironbound frosthearts (IceCv)
  6 merfolk aquamancers
  5 two-headed ogres
  A satyr (Shoals:3)
  6 boulder beetles
  4 naga warriors
  Urug (Lair:4)
  A tengu warrior (D:14)
  14 death yaks
  6 orc high priests
  5 shock serpents
  6 naga sharpshooters (Snake:2)
  A hell knight (Volcano)
  Nergalle (Lair:1)
  5 skeletal warriors
  3 salamander mystics
  13 sea snakes
  5 skysharks
  An orange crystal statue (IceCv)
  A wizard (D:13)
  A kraken simulacrum (Shoals:3)
  9 harpies
  2 necromancers
  2 mana vipers (Snake:1)
  A naga ritualist (Snake:2)
  5 deep elf pyromancers
  2 deep elf zephyrmancers (D:15)
  9 orc knights
  2 fauns
  4 orc sorcerers (Orc:2)
  14 ugly things
  12 salamanders
  14 manticores
  15 slime creatures
  2 centaur zombies (D:15)
  A torpor snail (Lair:3)
  3 guardian serpents
  15 black mambas
  4 cyclopes
  4 water nymphs
  3 gargoyles
  4 merfolk sirens
  6 cane toads
  2 centaur skeletons (D:15)
  An eye of devastation (shapeshifter) (D:13)
  11 naga magi
  2 unseen horrors
  An efreet (D:14)
  A yaktaur (shapeshifter) (D:13)
  A freezing wraith (D:15)
  3 komodo dragons
  3 tengu conjurers
  23 rime drakes
  12 trolls
  13 merfolk
  A hornet (D:8)
  Grinder (D:5)
  17 polar bears
  7 blink frogs
  A wolf spider simulacrum (D:14)
  9 wind drakes
  7 snapping turtles
  10 dream sheep
  Sigmund (D:4)
  2 shadows (D:11)
  6 wraiths
  87 yaks
  3 wyverns
  13 water elementals
  4 vampires
  3 fire bats (Lair:2)
  2 alligator snapping turtle simulacra (Shoals:3)
  4 vampire mosquitoes
  4 basilisks
  3 steam dragons (Shoals:4)
  4 sea snake simulacra (Shoals:3)
  3 wargs
  Menkaure (D:5)
  19 nagas
  2 harpy simulacra (Shoals:3)
  Duvessa (D:5)
  8 water moccasins
  2 acid dragons
  31 orc warriors
  2 sky beasts
  7 ice beasts
  A meliai simulacrum (D:15)
  3 satyr simulacra (Shoals:3)
  8 ogres
  4 boggarts (Lair:4)
  20 wolves
  4 centaurs
  A kobold brigand (D:4)
  11 bullfrogs
  3 scorpions
  2 faun simulacra (Shoals:3)
  A necrophage (D:6)
  3 merfolk simulacra (Shoals:3)
  Dowan (D:5)
  A manticore simulacrum (Shoals:3)
  3 killer bees (D:10)
  A snapping turtle simulacrum (Shoals:3)
  A howler monkey (D:9)
  5 electric eels
  A quasit (D:4)
  2 jellies
  20 orc priests
  A gnoll bouda (D:10)
  4 hounds
  A cyclops simulacrum (Shoals:3)
  6 iguanas
  Ijyb (D:5)
  33 orc wizards
  Natasha (thrice) (D:4)
  3 centaur simulacra (Shoals:3)
  Robin (D:1)
  4 gnolls (D:10)
  7 adders
  3 shadow imps
  2 white imps
  3 ufetubi
  A worm (D:5)
  3 dart slugs
  77 orcs
  8 bats
  9 endoplasms
  13 goblins
  7 hobgoblins
  A jackal (D:3)
  A quokka (D:4)
  3 ball pythons
  3 frilled lizards
  7 kobolds
  4 rats
903 creatures vanquished.

Vanquished Creatures (collateral kills)
  A frost giant (Shoals:4)
  A merfolk javelineer (Shoals:4)
  A two-headed ogre (Orc:1)
  A merfolk aquamancer (Shoals:4)
  2 naga warriors (Snake:2)
  2 naga sharpshooters (Snake:2)
  A mana viper (Snake:2)
  4 salamanders (Snake:2)
  A black mamba (Snake:2)
  A merfolk siren (Shoals:4)
  A naga mage (Snake:2)
  A merfolk (Shoals:4)
  A snapping turtle (Shoals:4)
  A warg (Orc:1)
  An orc priest (Orc:1)
20 creatures vanquished.

Vanquished Creatures (others)
  An orc (D:13)
  A demonic plant (D:4)
  9 fungi
  43 plants
  4 tentacles (Shoals:3)
58 creatures vanquished.

Grand Total: 981 creatures vanquished

Notes
Turn   | Place    | Note
-------+----------+-------------------------------------------
     0 | D:1      | Flugkiller the Merfolk Berserker began the quest for the
                  | Orb.
     0 | D:1      | Reached XP level 1. HP: 18/18 MP: 1/1
    74 | D:1      | Reached skill level 3 in Dodging
    79 | D:1      | Reached XP level 2. HP: 23/24 MP: 2/2
   465 | D:2      | Noticed Robin
   546 | D:1      | Killed Robin
   547 | D:1      | Reached XP level 3. HP: 16/30 MP: 3/3
   759 | D:2      | Reached ** piety under Trog
   818 | D:2      | Reached XP level 4. HP: 36/37 MP: 4/4
  1074 | D:2      | Found a faded altar of an unknown god.
  1221 | D:2      | Reached skill level 4 in Dodging
  1760 | D:4      | Reached XP level 5. HP: 32/43 MP: 5/5
  1897 | D:4      | Identified the +4 ring mail of Vig Afoa {+Blink}
  1972 | D:4      | Noticed a kobold brigand
  1988 | D:4      | Killed a kobold brigand
  1989 | D:4      | Reached skill level 5 in Long Blades
  2099 | D:4      | Reached skill level 5 in Dodging
  2099 | D:4      | Reached XP level 6. HP: 47/50 MP: 6/6
  2142 | D:4      | Found a staircase to the Ecumenical Temple.
  2193 | D:4      | Reached skill level 5 in Fighting
  2235 | D:4      | Noticed Natasha
  2240 | D:4      | Killed Natasha
  2372 | D:4      | Noticed Natasha
  2390 | D:4      | Killed Natasha
  2396 | D:4      | Found a burning altar of Makhleb.
  2403 | D:4      | Noticed a blizzard demon
  2642 | D:4      | Noticed Natasha
  2653 | D:4      | Killed Natasha
  2701 | D:4      | Reached XP level 7. HP: 56/56 MP: 7/7
  3361 | D:5      | Entered Level 5 of the Dungeon
  3361 | D:5      | Noticed Ijyb
  3361 | D:5      | Noticed Grinder
  3361 | D:5      | Found Lookusch's Antique Weapon Shoppe.
  3421 | D:5      | Killed Ijyb
  3422 | D:5      | Reached skill level 6 in Dodging
  3479 | D:5      | Noticed Sigmund
  3491 | D:4      | Killed Sigmund
  3492 | D:4      | Reached skill level 1 in Evocations
  3700 | D:5      | Paralysed by Grinder for 2 turns
  3718 | D:5      | Killed Grinder
  3719 | D:5      | Reached skill level 7 in Dodging
  3719 | D:5      | Reached XP level 8. HP: 65/65 MP: 8/8
  3757 | D:5      | Identified the +2 scale mail of the Salamander {Harm Fly
                  | Will++ Str-2}
  3829 | D:5      | Noticed Menkaure
  3837 | D:5      | Killed Menkaure
  4053 | D:5      | Noticed Duvessa
  4054 | D:5      | Noticed Dowan
  4065 | D:5      | Killed Duvessa
  4095 | D:5      | Killed Dowan
  4137 | D:5      | Found a glowing silver altar of Zin.
  4182 | D:5      | Reached skill level 8 in Dodging
  4505 | D:5      | Bought an ichor-stained falchion for 248 gold pieces
  4505 | D:5      | Identified the +4 falchion of Evisceration {holy, rN+ MP+9
                  | Int+4} (You bought it in a shop on level 5 of the Dungeon)
  4554 | D:6      | Reached XP level 9. HP: 72/72 MP: 9/9
  4568 | D:6      | Reached *** piety under Trog
  4710 | D:6      | Noticed an unseen horror
  4753 | D:6      | Killed an unseen horror
  4972 | D:6      | Reached skill level 9 in Dodging
  5081 | D:7      | Noticed a gargoyle
  5087 | D:7      | Killed a gargoyle
  5088 | D:7      | Reached skill level 5 in Evocations
  5147 | D:7      | Found a flagged portal.
  5158 | Bailey   | Entered a bailey
  5863 | Bailey   | Reached XP level 10. HP: 82/82 MP: 10/10
  6055 | Bailey   | Noticed an orc knight
  6055 | Bailey   | Noticed an orc knight
  6115 | Bailey   | Killed an orc knight
  6116 | Bailey   | Reached skill level 10 in Dodging
  6305 | Bailey   | Killed an orc knight
  6306 | Bailey   | Reached skill level 10 in Long Blades
  6477 | D:7      | Noticed an unseen horror
  6513 | D:7      | Killed an unseen horror
  6705 | D:7      | Found The Oracle's Delphic Readings.
  7243 | D:8      | Found a broken altar of Ashenzari.
  7317 | D:8      | Reached skill level 11 in Dodging
  7333 | D:8      | Reached XP level 11. HP: 35/90 MP: 11/11
  7694 | D:8      | Reached skill level 10 in Fighting
  7771 | D:8      | Paralysed by a hornet for 3 turns
  7917 | D:8      | Reached **** piety under Trog
  8476 | D:9      | Found Witavuyth's Distillery.
  8495 | D:9      | Bought a potion of heal wounds for 70 gold pieces
  8808 | D:9      | Found a white marble altar of Elyvilon.
  8811 | D:9      | Found a snail-covered altar of Cheibriados.
  8815 | D:9      | Found a sacrificial altar of Ru.
  8815 | D:9      | Found a basalt altar of Yredelemnul.
  8824 | D:9      | Found an ancient bone altar of Kikubaaqudgha.
  8934 | D:9      | Reached skill level 12 in Dodging
  9361 | D:10     | Entered Level 10 of the Dungeon
  9361 | D:10     | Noticed a two-headed ogre
  9694 | D:10     | Killed a two-headed ogre
  9871 | D:10     | Found a portal to a secret trove of treasure.
  9876 | D:10     | Found an iron altar of Okawaru.
 10047 | D:10     | Noticed a death yak
 10070 | D:10     | Killed a death yak
 10327 | D:10     | Reached XP level 12. HP: 75/100 MP: 12/12
 10601 | D:11     | Reached skill level 13 in Dodging
 10801 | D:11     | Noticed a boulder beetle
 10839 | D:11     | Killed a boulder beetle
 10938 | D:11     | Reached ***** piety under Trog
 10994 | D:11     | Noticed a two-headed ogre
 11011 | D:11     | Killed a two-headed ogre
 11100 | D:11     | Found a staircase to the Lair.
 11174 | D:11     | Noticed a two-headed ogre
 11197 | D:11     | Killed a two-headed ogre
 11722 | Lair:1   | Entered Level 1 of the Lair of Beasts
 12425 | Lair:1   | Noticed Nergalle
 12619 | Lair:1   | Killed Nergalle
 13172 | Lair:2   | Found a dark tunnel.
 13184 | Volcano  | Entered a volcano
 13224 | Volcano  | Reached skill level 14 in Dodging
 13311 | Volcano  | Found a radiant altar of Vehumet.
 13313 | Volcano  | Noticed a hell knight
 13323 | Volcano  | Reached skill level 10 in Evocations
 13484 | Volcano  | Killed a hell knight
 13485 | Volcano  | Reached XP level 13. HP: 109/109 MP: 13/13
 13753 | Lair:2   | Found a staircase to the Snake Pit.
 13839 | Lair:2   | Found a runed translucent door.
 13844 | Lair:2   | Found the +8 whip "Snakebite" {venom, curare, rPois}
 13992 | Lair:2   | Identified the +8 mace of Bonnogh {heavy, rElec rF+ SInv}
 14695 | Lair:3   | You fall into a shaft and drop 1 floor!
 14695 | Lair:4   | Noticed Urug
 14714 | Lair:4   | Killed Urug
 15040 | Lair:4   | Reached skill level 15 in Dodging
 15321 | Lair:4   | Found a runed translucent door.
 15609 | Lair:4   | Noticed a minotaur
 15623 | Lair:4   | Killed a minotaur
 15902 | Lair:5   | Entered Level 5 of the Lair of Beasts
 16246 | Lair:5   | Reached XP level 14. HP: 84/118 MP: 14/14
 16512 | Lair:5   | Found a staircase to the Slime Pits.
 16849 | Lair:5   | Received a gift from Trog
 16858 | Lair:5   | Reached skill level 15 in Long Blades
 16871 | Lair:5   | Reached skill level 16 in Dodging
 16959 | Lair:5   | Identified the +1 robe "Awnesoczi" {rElec rPois rC+ Regen+}
 18101 | Lair:3   | Found a staircase to the Shoals.
 18800 | D:12     | Found a staircase to the Orcish Mines.
 19045 | D:12     | Identified a scroll of acquirement
 20077 | D:13     | Received a gift from Trog
 20405 | D:13     | Reached XP level 15. HP: 114/127 MP: 15/15
 20667 | D:13     | Found a gate to the Vaults.
 20929 | D:14     | Found a frozen archway.
 20938 | IceCv    | Entered an ice cave
 21066 | IceCv    | Reached skill level 17 in Dodging
 21236 | IceCv    | Identified the +4 scimitar of Jedajeuq {flame, rElec rF-
                  | Int+8 Dex+5}
 21525 | IceCv    | Reached skill level 15 in Fighting
 21550 | IceCv    | Reached skill level 5 in Armour
 21783 | IceCv    | Received a gift from Trog
 22105 | IceCv    | Noticed a shard shrike
 22115 | IceCv    | Killed a shard shrike
 22946 | D:14     | Reached skill level 18 in Dodging
 23385 | D:14     | Found a transporter.
 23391 | D:14     | Noticed Iseguhol's ghost (journeyman GrEE)
 23424 | D:14     | Found a transporter.
 23686 | D:15     | Entered Level 15 of the Dungeon
 23929 | D:15     | Noticed Josephine
 23935 | D:15     | Killed Josephine
 23936 | D:15     | Reached XP level 16. HP: 130/137 MP: 0/16
 24258 | D:15     | Found a sacrificial altar of Ru.
 24394 | D:15     | Reached ****** piety under Trog
 24715 | D:15     | Found a staircase to the Depths.
 25213 | D:15     | Received a gift from Trog
 25406 | Orc:1    | Entered Level 1 of the Orcish Mines
 25929 | Orc:1    | Found Abimnug's Weapon Shop.
 26071 | Orc:2    | Entered Level 2 of the Orcish Mines
 26147 | Orc:2    | Found a staircase to the Elven Halls.
 26186 | Orc:2    | Paralysed by an orc sorcerer for 3 turns
 26676 | Orc:2    | Reached skill level 19 in Dodging
 26850 | Orc:2    | Found Caggemo's Antique Armour Shop.
 26850 | Orc:2    | Found Nacidonk's Armour Emporium.
 26852 | Orc:2    | Found Goxoerr's Antique Weapon Shop.
 26852 | Orc:2    | Found Aghuafiq's Armour Emporium.
 26869 | Orc:2    | Bought a spiked troll leather armour for 500 gold pieces
 26869 | Orc:2    | Identified the +0 troll leather armour of Meir {rElec rPois
                  | Regen+ Int+4} (You bought it in a shop on level 2 of the
                  | Orcish Mines)
 27148 | Orc:2    | Acquired a +1 demon blade of venom
 27412 | Shoals:1 | Entered Level 1 of the Shoals
 27423 | Shoals:1 | Received a gift from Trog
 27607 | Shoals:1 | Found a transporter.
 27613 | Shoals:1 | Found a transporter.
 27719 | Shoals:1 | Found a transporter.
 27720 | Shoals:1 | Found a transporter.
 27722 | Shoals:1 | Found a transporter.
 27727 | Shoals:1 | Found a transporter.
 27848 | Shoals:1 | You fall into a shaft and drop 1 floor!
 28503 | Shoals:2 | Found Syimetua's General Store.
 28520 | Shoals:2 | Found Oruiwkyn's Specific Store.
 29017 | Shoals:2 | Reached XP level 17. HP: 146/146 MP: 14/17
 29225 | Shoals:3 | Identified the +5 great sword of Wealth {heavy, Dex+2}
                  | (Trog gifted it to you on level 3 of the Shoals)
 29225 | Shoals:3 | Received a gift from Trog
 29413 | Shoals:3 | Reached skill level 15 in Evocations
 29439 | Shoals:3 | Found a runed translucent gate.
 29449 | Shoals:3 | Found a runed translucent gate.
 29449 | Shoals:3 | Found a runed translucent gate.
 29808 | Shoals:3 | Reached skill level 20 in Dodging
 30005 | Shoals:4 | Entered Level 4 of the Shoals
 30190 | Shoals:4 | Received a gift from Trog
 30299 | Shoals:4 | Identified the amulet of Kezuc {Reflect Int+4 SH+5}
 30400 | Shoals:4 | Got a barnacled rune of Zot
 31409 | Snake:1  | Entered Level 1 of the Snake Pit
 31427 | Snake:1  | You fall into a shaft and drop 1 floor!
 31531 | Snake:2  | Noticed Vashnia
 31577 | Snake:1  | Received a gift from Trog
 31725 | Snake:1  | Found Katuigae's Tremendous Tomes.
 31967 | Snake:1  | Reached skill level 21 in Dodging
 32012 | Snake:1  | Reached XP level 18. HP: 157/157 MP: 4/18
 32082 | Snake:1  | Found Yseugh's Antique Weapon Shop.
 32505 | Snake:2  | HP: 7/157 [naga sharpshooter/bolt[Vashnia] (24)]
 32803 | Snake:2  | Killed Vashnia
 33162 | Snake:2  | Received a gift from Trog
 33531 | Snake:2  | Identified the amulet "Bynufyum" {RegenMP Drain Str+5}
 33799 | Snake:2  | HP: 3/158 [nagaraja/+0 whip (30)]
 33799 | Snake:2  | Annihilated by a naga warrior

Illustrated notes

Levels and vault maps discovered:
D:1:      dpeg_arrival_refuge, layout_rooms
D:2:      layout_loops_ring, shapermc_ecumenical_altar_mp_vishouse,
          chequers_serial_rivers_small_b, uniq_robin
D:3:      cheibrodos_helix_gallery, layout_rooms
D:4:      layout_layer_cave, makhleb_altar_promises_db,
          minmay_temple_entry_arrows, serial_demonic, serial_demonic_c,
          serial_demonic_f, serial_demonic_e, serial_demonic_g, uniq_natasha
D:5:      layout_cave_pools, amcnicky_altar_gilded, serial_shops, shop,
          uniq_ijyb, uniq_sigmund, uniq_duvessa, uniq_menkaure, uniq_grinder
D:6:      layout_rooms, st_stairs_4
D:7:      layout_loops_ring, enter_bailey_2, nicolae_nh_oracle_at_delphi
D:8:      layout_rooms, nicolae_ashenzari_panopticon, chequers_arboretum
D:9:      layout_stronghold, nicolae_overflow_hallway_of_the_gods, serial_shops,
          kennysheep_mini
D:10:     argonaut_augean_stables, layout_cross, nicolae_overflow_hidden_temple,
          nicolae_trove_entry_free_sample
D:11:     layout_layer_cave, hellmonk_lair_entry_icy
D:12:     layout_long_grid, david_orc_1_choice, hangedman_decor_growths
D:13:     layout_stronghold, david_vaults_1
D:14:     layout_rooms, portal_ice_cave_entry_pillars_2,
          gammafunk_ghost_berserking_beasts
D:15:     grunt_enter_depths_magical_seal, layout_basic,
          nicolae_ru_sacrificial_ziggurat, uniq_josephine
Lair:1:   layout_gridlike, grunt_megastairs_3, infiniplex_staircase_pool_2,
          serial_bayou_shore_b, uniq_nergalle
Lair:2:   gammafunk_indiana_jones, layout_cave_pods,
          minmay_snake_entry_spellcaster, nicolae_volcano_entry_batcave,
          lemuel_fruit_tree
Lair:3:   layout_chaotic_city, elwin_shoals_entry_rooms
Lair:4:   dreamdust_labyrinth, layout_misc_corridors, kilobyte_rumbling_trees,
          grunt_megastairs_4, serial_bayou_shore_a, serial_bayou_shore_b,
          uniq_urug
Lair:5:   evilmike_catoblepas_cave, layout_gridlike, slime_entry_1
Shoals:1: layout_shoals, serial_nicolae_subway, nicolae_sub_station_metal,
          nicolae_sub_station_stone, nicolae_sub_station_crystal
Shoals:2: layout_shoals, nicolae_specific_store
Shoals:3: layout_shoals, nicolae_shoals_beach_cooler
Shoals:4: shoals_end_grunt_ice, layout_shoals, nicolae_shoals_drake_roost
Snake:1:  layout_grid_shapes, serial_shops, nicolae_shop_waterfront,
          nicolae_shop_i_like_big_books, serial_bayou_shore_b
Snake:2:  nicolae_cobra_stairs, layout_misc_corridors, grunt_ministairs_1,
          uniq_vashnia
Orc:1:    layout_caves, guppyfry_orc_lava_fort
Orc:2:    grunt_orc_tribal_feast, layout_caves

Skill      XL: |  1  2  3  4  5  6  7  8  9 10 11 12 13 14 15 16 17 |
---------------+----------------------------------------------------+-----
Dodging        | 3 4 5 7 8 9 11 12 14 15 16 18 19 21 | 21.5
Long Blades    | 4 5 6 7 8 9 10 12 13 14 15 16 | 16.0
Fighting       | 4 5 6 7 8 9 11 12 13 14 15 16 18 | 18.5
Evocations     | 2 4 5 7 8 10 11 12 13 14 16 | 16.4
Armour         | 2 3 4 5 6 7 |  7.7

Action                     |  1- 3 |  4- 6 |  7- 9 | 10-12 | 13-15 | 16-18 || total
---------------------------+-------+-------+-------+-------+-------+-------++-------
  Melee: Falchion          |    87 |    46 |   174 |   912 |       |       ||  1219
         Punch             |     1 |     4 |     3 |    23 |    27 |    17 ||    75
         Long sword        |       |   129 |   130 |       |       |       ||   259
         Tailslap          |       |       |     4 |     8 |     5 |    50 ||    67
         Scimitar          |       |       |       |    29 |  1492 |  1118 ||  2639
         Double sword      |       |       |       |       |       |    77 ||    77
  Throw: Dart              |       |     1 |       |    13 |     2 |       ||    16
 Invoke: Berserk           |     2 |     4 |    11 |    12 |     4 |       ||    33
         Trog's Hand       |       |       |     1 |     3 |     1 |     3 ||     8
         Brothers in Arms  |       |       |       |       |       |     3 ||     3
  Evoke: Wand              |       |       |     2 |     9 |     1 |     8 ||    20
         Tin of tremorston |       |       |       |       |     1 |     7 ||     8
         Condenser vane    |       |       |       |       |       |     5 ||     5
         Box of beasts     |       |       |       |       |       |     3 ||     3
    Use: Scroll            |     4 |     4 |     3 |    11 |    12 |     5 ||    39
         Potion            |       |       |       |       |       |     8 ||     8
   Stab: Sleeping          |       |     1 |       |       |       |     5 ||     6
         Petrified         |       |       |       |       |     4 |       ||     4
         Distracted        |       |       |       |       |       |     2 ||     2
 Armour: Animal skin       |    19 |    23 |       |       |       |       ||    42
         Ring mail         |       |    89 |   136 |   152 |    45 |    91 ||   513
         Scale mail        |       |       |       |    44 |   333 |       ||   377
         Troll leather arm |       |       |       |     3 |       |   108 ||   111
         Chain mail        |       |       |       |       |    97 |       ||    97
  Dodge: Dodged            |    66 |   192 |   284 |   739 |  1374 |  1453 ||  4108
  Block: Other             |       |       |       |       |       |   125 ||   125
         Reflection        |       |       |       |       |       |    11 ||    11

Table legend: (Time is in decaauts)
 A = Elapsed time spent in this place.
 B = Non-inter-level travel time spent in this place.
 C = Inter-level travel time spent in this place.
 D = Time resting spent in this place.
 E = Time spent auto-exploring this place.
 F = Levels seen in this place.
 G = Mean time per level.
                   A        B        C        D        E       F      G
               +--------+--------+--------+--------+--------+-----+--------+
         Total |  32298 |  30660 |   1638 |   7480 |  15448 |  31 | 1041.9 |
       Dungeon |  15560 |  14758 |    802 |   3591 |   7901 |  15 | 1037.3 |
          Lair |   6267 |   5733 |    534 |    872 |   3573 |   5 | 1253.4 |
        Shoals |   3099 |   2961 |    138 |    521 |   1653 |   4 |  774.8 |
     Snake Pit |   2311 |   2235 |     76 |    663 |    812 |   2 | 1155.5 |
  Orcish Mines |   1791 |   1705 |     86 |    354 |    929 |   2 |  895.5 |
        Bailey |   1210 |   1210 |      0 |    505 |    117 |   1 | 1210.0 |
      Ice Cave |   1615 |   1615 |      0 |    807 |    384 |   1 | 1615.0 |
       Volcano |    442 |    442 |      0 |    166 |     77 |   1 |  442.0 |
               +--------+--------+--------+--------+--------+-----+--------+

Top non-repeatable levels by time:
     D:4: 1846 daAuts
  Lair:5: 1675 daAuts
   IceCv: 1615 daAuts
    D:15: 1604 daAuts
 Snake:1: 1564 daAuts
    D:13: 1524 daAuts
  Lair:1: 1337 daAuts
    D:11: 1277 daAuts
  Lair:2: 1242 daAuts
  Bailey: 1210 daAuts
     D:8: 1163 daAuts
  Lair:4: 1158 daAuts
     D:9: 1154 daAuts
Shoals:4: 1078 daAuts
   Orc:2: 1045 daAuts
